[Event "Titled Tuesday Blitz February 07 Early 2023"]
[White "Maung, Maung Kyaw Zaw Hein"]
[Black "Kukhmazov, Arsen"]
[WhiteFideId "13001698"]
[BlackFideId "24108260"]
[WhiteElo "2119"]
[BlackElo "2512"]
[Result "0-1"]
[Round "01"]
[TimeControl "180+2"]
[Date "2023.02.07"]
[WhiteClock "0:00:06"]
[BlackClock "0:00:20"]

1. Nf3 Nf6 2. c4 c6 3. Nc3 d5 4. d4 e6 5. e3 Nbd7 6. Qc2 b6 7. b3 Bb7 8. Be2 Be7 9. O-O O-O 10. Rd1 Qc7 11. Bb2 Rac8 12. Rac1 Qb8 13. Qb1 Rfd8 14. Bd3 h6 15. h3 c5 16. cxd5 cxd4 17. Nxd4 Nxd5 18. Nxd5 Bxd5 19. Be4 Rxc1 20. Rxc1 Nc5 21. Bxd5 Rxd5 22. Qc2 Bf6 23. b4 Nd7 24. Qc7 Qxc7 25. Rxc7 a5 26. bxa5 bxa5 27. Ra7 Nb6 28. Bc3 Nc4 29. a4 Nb6 30. Ra6 Nxa4 31. Bxa5 Bxd4 32. exd4 Rxd4 33. Bb6 Rd1+ 34. Kh2 Nc3 35. Kg3 g5 36. Be3 Nd5 37. Bc5 Kh7 38. Ra7 Kg6 39. Rb7 Rd3+ 40. Kh2 Rd2 41. Ra7 h5 42. Rb7 h4 43. Ra7 f6 44. Ra6 Kf5 45. Ra5 e5 46. Bf8 Nf4 47. Bc5 Nd3 48. Kg1 Rd1+ 49. Kh2 Nf4 50. Be3 Nd5 51. Bc5 e4 52. Ra2 Ke5 53. Ba7 Rb1 54. Bc5 f5 55. Ba7 f4 56. Bc5 Rc1 57. Ba7 Rd1 58. Bb8+ Kf5 59. Ra5 e3 60. fxe3 fxe3 61. Ra2 Rd2 62. Ra5 e2 0-1


[Site "https://www.chess.com"]

[Event "Titled Tuesday Blitz February 07 Early 2023"]
[White "Kilic, Eray"]
[Black "Bozorov, Makhsum"]
[WhiteFideId "44517173"]
[BlackFideId "14201330"]
[WhiteElo "2414"]
[BlackElo "2145"]
[Result "1-0"]
[Round "01"]
[TimeControl "180+2"]
[Date "2023.02.07"]
[WhiteClock "0:00:46"]
[BlackClock "0:00:10"]

1. e4 e5 2. Nf3 Nc6 3. Bb5 a6 4. Ba4 Nf6 5. O-O b5 6. Bb3 Bc5 7. c3 d6 8. d4 Bb6 9. a4 Rb8 10. a5 Ba7 11. h3 O-O 12. Re1 Bb7 13. Bg5 h6 14. Bh4 Re8 15. d5 Ne7 16. Bxf6 gxf6 17. Nh4 Bc8 18. Qh5 Kg7 19. Nd2 Ng6 20. Nf1 Nf4 21. Qf3 Kh7 22. Ng3 Rg8 23. Kh2 Rg5 24. Bc2 Qg8 25. Ne2 Nxe2 26. Rxe2 Qg7 27. Rg1 Bd7 28. g4 Rg8 29. Rg3 Bc8 30. Nf5 Bxf5 31. exf5 h5 32. Re4 Qh6 33. Kg2 R8g7 34. Kf1 Kg8 35. Ke2 hxg4 36. Rexg4 Rxg4 37. Rxg4 Rxg4 38. Qxg4+ Qg5 39. Bd3 Bc5 40. b4 Ba7 41. c4 bxc4 42. Bxc4 Bd4 43. Qxg5+ fxg5 44. Kd2 Bxf2 45. Bxa6 Kf8 46. Be2 Ke7 47. Bg4 Kd8 48. b5 Kc8 49. Kd3 Kb8 50. f6 Bg1 51. Be6 Bf2 52. Bxf7 g4 53. Be6 g3 54. f7 1-0


[Site "https://www.chess.com"]

[Event "Titled Tuesday Blitz February 07 Early 2023"]
[White "Podetti, Davide"]
[Black "Cherniaiev, Tykhon"]
[WhiteFideId "893617"]
[BlackFideId "14182360"]
[WhiteElo "2281"]
[BlackElo "2330"]
[Result "1-0"]
[Round "01"]
[TimeControl "180+2"]
[Date "2023.02.07"]
[WhiteClock "0:00:14"]
[BlackClock "0:00:07"]

1. e4 e5 2. Nf3 Nc6 3. Bb5 Nf6 4. O-O Nxe4 5. Re1 Nd6 6. Nxe5 Nxe5 7. Rxe5+ Be7 8. Bf1 O-O 9. d4 Bf6 10. Bd3 Nf5 11. Rxf5 d5 12. Rf4 Bg5 13. Rf3 Bg4 14. Bxg5 Bxf3 15. Bxd8 Bxd1 16. Bxc7 Rfc8 17. Nc3 Bxc2 18. Bxc2 Rxc7 19. Re1 Rc4 20. Bb3 Rxd4 21. Bxd5 Rd2 22. Re2 Rxe2 23. Nxe2 Rd8 24. Nc3 b5 25. Bf3 b4 26. Nd1 Kf8 27. Kf1 a5 28. Ke2 a4 29. Ne3 a3 30. bxa3 bxa3 31. Bd5 Ke7 32. Bb3 f6 33. Nc4 Ke6 34. Nxa3+ Ke5 35. Nc2 f5 36. Ne3 g5 37. a4 Rb8 38. Bc2 f4 39. Nf5 Rb2 40. Kd2 Ra2 41. Ne7 h5 42. Nc6+ Kd6 43. Nd4 Ra1 44. Nf3 g4 45. Ne1 Kc5 46. Nd3+ Kd4 47. Nxf4 Rh1 48. g3 Rxh2 49. Ne2+ Ke5 50. Ke3 Rh1 51. a5 h4 52. gxh4 Rxh4 53. a6 Rh3+ 54. Ng3 Rh6 55. Bd3 Rb6 56. Nf1 Rb8 57. Nd2 Re8 58. Be4 Re7 59. Nb3 Kd6 60. Kd4 Rf7 61. Bb7 Kc7 62. Ke3 Kb6 63. Nd2 Re7+ 64. Kf4 Rf7+ 65. Kg3 Rf6 66. Ne4 Rf7 67. Nd6 Rf6 68. Nc4+ Ka7 69. Ne3 Rf7 70. Nxg4 Rg7 71. f4 Rf7 72. Ne5 Rg7+ 73. Kf3 Re7 74. Ke4 Re8 75. f5 Rf8 76. Kf4 Re8 77. f6 Rh8 78. Kf5 Rh2 79. Ke6 Rh6 80. Ke7 Rh7+ 81. f7 Kb6 82. Ke8 Rh8+ 83. f8=Q Rxf8+ 84. Kxf8 Ka7 85. Nc6+ Kb6 86. Ke7 Kc7 87. Ke6 Kb6 88. Kd7 Kb5 89. a7 Kb6 90. Kc8 Kc5 91. a8=Q Kd6 92. Qb8+ Ke6 93. Qe5+ Kf7 94. Nd8+ Kg8 95. Bd5+ Kh7 96. Qh5+ Kg7 97. Qg5+ Kf8 98. Qf6+ Ke8 99. Bc6# 1-0


[Site "https://www.chess.com"]

[Event "Titled Tuesday Blitz February 07 Early 2023"]
[White "Avinash, Ramesh"]
[Black "Shubenkova, Veronika"]
[WhiteFideId "45018340"]
[BlackFideId "44124040"]
[WhiteElo "2319"]
[BlackElo "1960"]
[Result "1-0"]
[Round "01"]
[TimeControl "180+2"]
[Date "2023.02.07"]
[WhiteClock "0:01:29"]
[BlackClock "0:01:38"]

1. e4 e6 2. d3 d5 3. Nd2 Nf6 4. g3 Be7 5. Bg2 O-O 6. Ngf3 c5 7. O-O Nc6 8. Re1 b6 9. h4 Bb7 10. e5 Nd7 11. Nf1 d4 12. N1h2 Qc7 13. Bf4 Rae8 14. Ng4 Nb4 15. h5 Nd5 16. Bg5 f6 17. exf6 Bxf6 18. Qd2 Bxg5 19. Qxg5 N5f6 20. h6 g6 21. Nge5 Bxf3 22. Nxg6 Kf7 23. Nxf8 Rxf8 24. Qg7+ Ke8 25. Rxe6+ Kd8 26. Bxf3 Kc8 27. Rae1 Qd8 28. Qg5 Ng8 29. Qd5 1-0


[Site "https://www.chess.com"]

[Event "Titled Tuesday Blitz February 07 Early 2023"]
[White "Marn, Jan"]
[Black "Fernandez Guillen, Ernesto J."]
[WhiteFideId "14619245"]
[BlackFideId "3512428"]
[WhiteElo "2345"]
[BlackElo "2477"]
[Result "1-0"]
[Round "01"]
[TimeControl "180+2"]
[Date "2023.02.07"]
[WhiteClock "0:00:05"]
[BlackClock "0:00:10"]

1. d4 Nf6 2. Nf3 g6 3. Nbd2 d5 4. e3 Bg7 5. b4 O-O 6. a4 Nbd7 7. c4 Re8 8. Bb2 c6 9. Be2 Ne4 10. O-O Nxd2 11. Qxd2 Nf6 12. Ne5 Ne4 13. Qc2 f6 14. Nf3 Be6 15. Bd3 Nd6 16. c5 Nf7 17. b5 Qd7 18. h3 Bf5 19. Bxf5 gxf5 20. Nh4 e6 21. f4 Kh8 22. Bc3 Rg8 23. Rfb1 Bh6 24. Qf2 Rg7 25. Kh2 Rag8 26. Rb2 Qc7 27. Rab1 Bg5 28. bxc6 Bxh4 29. Qxh4 bxc6 30. Qxf6 Nd8 31. Be1 Qf7 32. Bh4 Qh5 33. Rb8 Qe8 34. R1b2 Qd7 35. Rxd8 Qxd8 36. Qxd8 Rxd8 37. Bxd8 Rf7 38. Bc7 Kg7 39. Be5+ Kg6 40. Rb8 Kh5 41. Rg8 Kh6 42. g4 fxg4 43. hxg4 Rb7 44. Kg3 Rb1 45. Bd6 Rg1+ 46. Kf2 Ra1 47. Bf8# 1-0


[Site "https://www.chess.com"]

[Event "Titled Tuesday Blitz February 07 Early 2023"]
[White "Milikow, Yoav"]
[Black "Degenbaev, Aziz"]
[WhiteFideId "2822237"]
[BlackFideId "13802640"]
[WhiteElo "2394"]
[BlackElo "2203"]
[Result "0-1"]
[Round "01"]
[TimeControl "180+2"]
[Date "2023.02.07"]
[WhiteClock "0:00:06"]
[BlackClock "0:00:14"]

1. c4 Nf6 2. g3 g6 3. Bg2 c5 4. Nc3 Bg7 5. d3 O-O 6. e4 e5 7. Be3 d6 8. h3 Nc6 9. Qd2 a6 10. Nge2 Rb8 11. g4 b5 12. b3 Nd4 13. Ng3 bxc4 14. dxc4 Qa5 15. Rc1 Be6 16. Bh6 Rfd8 17. Bxg7 Kxg7 18. g5 Ne8 19. h4 Bg4 20. Nd5 Qa3 21. Kf1 Rxb3 22. axb3 Nxb3 23. Qc3 Qxc1+ 24. Qxc1 Nxc1 25. f3 Bd7 26. Kf2 Nb3 27. Rb1 Nd4 28. Ra1 Rb8 29. Rxa6 Rb2+ 30. Kg1 Be6 31. h5 gxh5 32. Ra8 Bxd5 33. cxd5 Nc7 34. Rc8 Ncb5 35. Nxh5+ Kg6 36. Nf6 Kxg5 37. Nxh7+ Kf4 38. Rf8 f5 39. exf5 Rb1+ 40. Kh2 Rb2 41. Kh3 Nxf5 42. Nf6 Nbd4 43. Ne8 Ke3 44. Rf6 Rb8 45. Nxd6 Rh8+ 46. Kg4 Rg8+ 47. Kh3 Nxd6 48. Rxd6 Rh8+ 49. Kg4 Rg8+ 50. Kh3 Nf5 51. Re6 Kf4 52. Kh2 Rh8+ 53. Bh3 Nd4 54. Rf6+ Ke3 55. d6 Nxf3+ 56. Kg3 Ng5 57. Bg4 Ne4+ 0-1


[Site "https://www.chess.com"]

[Event "Titled Tuesday Blitz February 07 Early 2023"]
[White "Mirzanurov, Bulat"]
[Black "Fier, Alexandr"]
[WhiteFideId "4184521"]
[BlackFideId "2107139"]
[WhiteElo "2232"]
[BlackElo "2589"]
[Result "0-1"]
[Round "01"]
[TimeControl "180+2"]
[Date "2023.02.07"]
[WhiteClock "0:00:03"]
[BlackClock "0:02:21"]

1. e4 Nf6 2. e5 Nd5 3. d4 d6 4. c4 Nb6 5. f4 g6 6. Nc3 Bg7 7. Be3 O-O 8. Nf3 Be6 9. b3 c5 10. d5 Bg4 11. Rc1 N8d7 12. Be2 Bxf3 13. Bxf3 dxe5 14. fxe5 Bxe5 15. O-O Nc8 16. Qd2 Nd6 17. Qf2 b6 18. h4 Bg7 19. h5 Nf5 20. Ne2 Ne5 21. Bf4 Nd3 22. g4 Nxf2 23. Rxf2 Nd4 24. Bg2 Nxe2+ 25. Rxe2 e6 26. d6 Bd4+ 27. Kh1 Qh4+ 28. Bh2 Qxg4 29. Rce1 Qxh5 30. Bxa8 Rxa8 31. Rd2 Qf3+ 32. Rg2 Rd8 33. Re2 Qf1+ 34. Bg1 Rxd6 35. Kh2 Qf4+ 36. Kh1 Bxg1 37. Kxg1 Rd1+ 0-1


[Site "https://www.chess.com"]

[Event "Titled Tuesday Blitz February 07 Early 2023"]
[White "Msellek, Ilyass"]
[Black "Jimenez, Joaquin"]
[WhiteFideId "675938"]
[BlackFideId "109860"]
[WhiteElo "2420"]
[BlackElo "2195"]
[Result "0-1"]
[Round "01"]
[TimeControl "180+2"]
[Date "2023.02.07"]
[WhiteClock "0:00:47"]
[BlackClock "0:00:11"]

1. d4 e6 2. Nf3 Nf6 3. Bg5 c5 4. e3 Be7 5. Nbd2 b6 6. Bd3 Bb7 7. O-O Nc6 8. c3 d5 9. a4 O-O 10. h3 Rc8 11. Ne5 h6 12. Bh4 Nxe5 13. dxe5 Nd7 14. Bxe7 Qxe7 15. f4 f6 16. exf6 Nxf6 17. a5 e5 18. axb6 axb6 19. f5 e4 20. Bc2 b5 21. Ra7 Ra8 22. Qa1 Qc7 23. Rxa8 Rxa8 24. Qe1 Ra2 25. Qb1 Ra8 26. Bb3 c4 27. Bc2 Qg3 28. Re1 Nd7 29. Nf1 Qg5 30. Qd1 Ne5 31. Nh2 Rf8 32. Qd4 Rxf5 33. Qb6 Rf7 34. Re2 Nf3+ 35. Nxf3 exf3 36. Rf2 Qe7 37. Rxf3 Rxf3 38. gxf3 d4 39. Qxd4 Bxf3 40. Kf2 Bc6 41. Qf4 Qd7 42. Bg6 Qd2+ 43. Kf1 Qg2+ 44. Ke1 Qxg6 45. Qb8+ Kh7 46. Qc7 Be4 47. Qe5 Qg1+ 48. Ke2 Bd3+ 49. Kf3 Qf1+ 50. Kg3 Qe1+ 51. Kf3 Qe2+ 52. Kg3 Qxb2 53. e4 Qa3 54. Qf5+ Kg8 55. Qe6+ Kf8 56. Qc8+ Kf7 57. Qf5+ Ke7 58. Qe5+ Kd8 59. Qb8+ Kd7 60. Qxb5+ Ke7 61. Qe5+ Kf8 62. Qb8+ Kf7 63. Qf4+ Kg8 64. Qb8+ Kh7 65. Qe5 Qf8 66. h4 Qf7 67. h5 Be2 68. Kh4 Qf2+ 69. Kh3 Qf3+ 70. Kh2 Qxh5+ 71. Qxh5 Bxh5 72. Kg3 Bg6 73. Kf4 Kg8 74. Ke5 Kf7 75. Kd4 Ke6 76. Kxc4 Bxe4 77. Kd4 Bb7 78. c4 h5 79. Kc5 h4 80. Kb6 Bf3 81. c5 h3 82. Kc7 h2 83. Kd8 h1=Q 84. Kc7 Qh2+ 85. Kb6 Qe5 86. c6 Qd5 87. Ka7 Qxc6 88. Kb8 Qb7# 0-1


[Site "https://www.chess.com"]

[Event "Titled Tuesday Blitz February 07 Early 2023"]
[White "Ansh M Shah"]
[Black "Zemlyanskii, Ivan"]
[WhiteFideId "25033379"]
[BlackFideId "24249971"]
[WhiteElo "2171"]
[BlackElo "2300"]
[Result "0-1"]
[Round "01"]
[TimeControl "180+2"]
[Date "2023.02.07"]
[WhiteClock "0:00:04"]
[BlackClock "0:00:43"]

1. d4 Nc6 2. c4 e5 3. d5 Nce7 4. Nf3 Ng6 5. e4 Bc5 6. Nc3 Nf6 7. Bd3 O-O 8. h4 Ng4 9. O-O Nxh4 10. a3 d6 11. b4 Nxf3+ 12. gxf3 Bd4 13. fxg4 Bxc3 14. Ra2 Bd4 15. Be3 Bxe3 16. fxe3 Qg5 17. Qf3 Qxg4+ 18. Qxg4 Bxg4 19. Rc2 Bd7 20. c5 Rac8 21. Rfc1 Rfd8 22. b5 dxc5 23. Rxc5 Kf8 24. Rxc7 Ke7 25. a4 Kd6 26. Rxc8 Rxc8 27. Rxc8 Bxc8 28. Kf2 b6 29. Kg3 f6 30. Kf2 g5 31. Ke2 h5 32. Kf2 h4 33. Kg2 Bg4 34. Kh2 Bd1 35. a5 bxa5 0-1


[Site "https://www.chess.com"]

[Event "Titled Tuesday Blitz February 07 Early 2023"]
[White "Pulpan, Jakub"]
[Black "Tarasova, Viktoriya"]
[WhiteFideId "302759"]
[BlackFideId "4175840"]
[WhiteElo "2427"]
[BlackElo "2226"]
[Result "1-0"]
[Round "01"]
[TimeControl "180+2"]
[Date "2023.02.07"]
[WhiteClock "0:02:40"]
[BlackClock "0:00:29"]

1. e4 e5 2. Nf3 Nc6 3. Bb5 Nf6 4. O-O Nxe4 5. d4 Nd6 6. dxe5 Nxb5 7. a4 Nbd4 8. Nxd4 d5 9. exd6 Nxd4 10. Qxd4 Qxd6 11. Qe4+ Qe6 12. Qd4 Qd6 13. Qe3+ Qe6 14. Qg3 Qc6 15. Nc3 Be6 16. Nb5 Bd6 17. Qxg7 O-O-O 18. Nxa7+ 1-0


[Site "https://www.chess.com"]

[Event "Titled Tuesday Blitz February 07 Early 2023"]
[White "Mestnikov, Aisen"]
[Black "Goltsev, Dmitry"]
[WhiteFideId "34130117"]
[BlackFideId "24176710"]
[WhiteElo "2078"]
[BlackElo "2269"]
[Result "0-1"]
[Round "01"]
[TimeControl "180+2"]
[Date "2023.02.07"]
[WhiteClock "0:00:02"]
[BlackClock "0:00:21"]

1. d4 Nf6 2. c4 e6 3. Nf3 d5 4. g3 Bb4+ 5. Bd2 Qe7 6. Bg2 O-O 7. O-O Ne4 8. Bf4 Bd6 9. Ne5 f6 10. Nd3 c6 11. f3 Bxf4 12. Nxf4 Nd6 13. c5 Nf5 14. Qc1 e5 15. dxe5 fxe5 16. Nd3 Nd7 17. e4 Nd4 18. Kh1 dxe4 19. fxe4 Nf6 20. Nc3 Bg4 21. Qg5 Rad8 22. Qxe5 Qxe5 23. Nxe5 Be6 24. Rad1 Nc2 25. Rd6 Rxd6 26. cxd6 Rd8 27. Rd1 Ne8 28. d7 Nf6 29. Rd6 Bf7 30. Bh3 Ne3 31. Na4 Nxe4 32. Rd4 Nf2+ 33. Kg1 Nxh3+ 34. Kh1 Bd5+ 35. Rxd5 cxd5 36. Nc5 Nf2+ 37. Kg1 Nfg4 38. Nxb7 Nxe5 39. Nxd8 Nxd7 40. Nc6 a5 41. Ne7+ Kf7 42. Nc6 a4 43. b4 Nb6 44. Kf2 Nd1+ 45. Kf3 Nc3 46. a3 Nb5 47. Ke3 Nxa3 48. Kd4 Nac4 49. Na5 a3 50. Nb3 a2 51. Kc5 Ke6 52. b5 Ke5 53. Kc6 d4 54. Nxd4 Kxd4 0-1


[Site "https://www.chess.com"]

[Event "Titled Tuesday Blitz February 07 Early 2023"]
[White "Orozbaev, Eldiar"]
[Black "Gatterer, Florian"]
[WhiteFideId "13802240"]
[BlackFideId "811688"]
[WhiteElo "2235"]
[BlackElo "2170"]
[Result "1-0"]
[Round "01"]
[TimeControl "180+2"]
[Date "2023.02.07"]
[WhiteClock "0:01:14"]
[BlackClock "0:00:01"]

1. e4 c6 2. Nf3 d5 3. e5 Bg4 4. d4 e6 5. c3 c5 6. dxc5 Bxf3 7. Qxf3 Bxc5 8. Qg3 g6 9. Bd3 Nc6 10. O-O Qc7 11. Re1 Be7 12. Nd2 h5 13. Nf3 Nh6 14. Bxh6 Rxh6 15. Qf4 Rh8 16. b4 Rc8 17. a4 a5 18. Rac1 Qd7 19. Bb5 Qc7 20. Red1 Kf8 21. Bd3 Kg7 22. b5 Nb8 23. Ng5 Bxg5 24. Qxg5 Qd8 25. Qe3 Nd7 26. Be2 Qb6 27. Qf4 Rc5 28. Rd3 Qc7 29. Re3 d4 30. Qxd4 Rd5 31. Qc4 Qxc4 32. Bxc4 Rxe5 33. Rxe5 Nxe5 34. Bf1 Rd8 35. c4 Nd7 36. c5 Rc8 37. c6 bxc6 38. bxc6 Nb6 39. c7 Nd5 40. Rc5 Rxc7 41. Rxa5 Rc1 42. Ra7 h4 43. h3 Nc3 44. g3 hxg3 45. fxg3 Ne2+ 46. Kg2 Nd4 47. Bb5 Rc2+ 48. Kf1 Nxb5 49. axb5 Rb2 50. Rb7 Kf6 51. b6 g5 52. Rb8 Kf5 53. b7 f6 54. h4 gxh4 55. gxh4 Ke4 56. h5 Kf3 57. Ke1 Ke3 58. Kd1 f5 59. h6 f4 60. h7 Rd2+ 61. Kc1 Rh2 62. h8=Q Rf2 63. Qe5+ 1-0


[Site "https://www.chess.com"]

[Event "Titled Tuesday Blitz February 07 Early 2023"]
[White "Fernandez, Michael"]
[Black "Talibov, Shiroghlan"]
[WhiteFideId "5803560"]
[BlackFideId "13429078"]
[WhiteElo "2181"]
[BlackElo "2359"]
[Result "1/2-1/2"]
[Round "01"]
[TimeControl "180+2"]
[Date "2023.02.07"]
[WhiteClock "0:00:07"]
[BlackClock "0:00:01"]

1. d4 g6 2. e4 Bg7 3. Nc3 c6 4. f4 d5 5. e5 h5 6. Bd3 Nh6 7. Be3 Bg4 8. Qd2 e6 9. Nge2 Nf5 10. Bf2 Nd7 11. h3 Bxe2 12. Nxe2 h4 13. c4 Qb6 14. O-O-O O-O-O 15. Kb1 Kb8 16. cxd5 cxd5 17. Rc1 Rc8 18. Rxc8+ Kxc8 19. Rc1+ Kb8 20. Qe1 Bf8 21. Bxf5 gxf5 22. Bxh4 Bb4 23. Qg3 Qb5 24. Rc2 Nb6 25. Qg7 Rc8 26. Rxc8+ Nxc8 27. Nc1 Ba3 28. Nb3 Qf1+ 29. Kc2 Qe2+ 30. Kc1 Qxb2+ 31. Kd1 Qb1+ 32. Ke2 Qxa2+ 33. Nd2 Bb4 34. Be1 Bxd2 35. Bxd2 Qc4+ 36. Ke3 Qb3+ 37. Ke2 Qb2 38. Qxf7 Qxd4 39. Qxe6 Qe4+ 40. Kf1 Qd3+ 41. Ke1 Qe4+ 42. Kf1 d4 43. Qc4 a5 44. e6 Nd6 45. Qe2 Qb1+ 46. Qe1 Qb5+ 47. Qe2 d3 48. Qe5 Qb1+ 49. Kf2 Qb6+ 50. Kg3 Kc8 51. e7 Ne8 52. Bxa5 Qc6 53. Qxf5+ Kb8 54. Qe5+ Ka7 55. Bd2 b6 56. Qe3 Qd6 57. Ba5 Kb7 58. Bxb6 Qxb6 59. Qxd3 Qf6 60. Qe4+ Kc7 61. h4 Kd7 62. Kg4 Nd6 63. Qd5 Qg7+ 64. Qg5 Qf7 65. h5 Ne8 66. h6 Nf6+ 67. Kh4 Kxe7 68. f5 Qc4+ 69. Kh3 Qd3+ 70. Kh2 Qd6+ 71. Kh3 Qd3+ 72. Kh2 Qd6+ 73. Kg1 Qd1+ 74. Kh2 Qd6+ 1/2-1/2


[Site "https://www.chess.com"]

[Event "Titled Tuesday Blitz February 07 Early 2023"]
[White "Salimova, Nurgyul"]
[Black "Sanchez, Robert"]
[WhiteFideId "2915138"]
[BlackFideId "2034360"]
[WhiteElo "2391"]
[BlackElo "1966"]
[Result "1-0"]
[Round "01"]
[TimeControl "180+2"]
[Date "2023.02.07"]
[WhiteClock "0:00:10"]
[BlackClock "0:00:17"]

1. d4 e6 2. Nf3 d5 3. g3 Be7 4. Bg2 Nf6 5. c4 dxc4 6. O-O c6 7. Ne5 O-O 8. Nxc4 Nbd7 9. Nc3 Nd5 10. e4 Nxc3 11. bxc3 b5 12. Ne3 e5 13. Nf5 Bf6 14. Ba3 Re8 15. d5 cxd5 16. Nd6 d4 17. Nxe8 Qxe8 18. cxd4 Bb7 19. d5 Nb6 20. Bc5 Nc4 21. a4 a6 22. axb5 Qxb5 23. Ba3 Bc8 24. Qd3 Nxa3 25. Qxa3 h5 26. Rfb1 Qe2 27. Bf3 Qc4 28. Rc1 Qd4 29. Qc3 Qb6 30. Qc6 Qb8 31. Qe8+ Kh7 32. Qxf7 Bg4 33. Bxg4 hxg4 34. Qh5+ Kg8 35. Qxg4 Qb2 36. Qe6+ Kh8 37. Rab1 Qe2 38. Rc8+ Rxc8 39. Qxc8+ Kh7 40. Qf5+ Kh6 41. Rb8 g6 42. Qxf6 Qe1+ 43. Kg2 Qxe4+ 44. Qf3 1-0


[Site "https://www.chess.com"]

[Event "Titled Tuesday Blitz February 07 Early 2023"]
[White "Chan, Kim Yew"]
[Black "Iniyan, P"]
[WhiteFideId "5717981"]
[BlackFideId "25002767"]
[WhiteElo "2340"]
[BlackElo "2525"]
[Result "0-1"]
[Round "01"]
[TimeControl "180+2"]
[Date "2023.02.07"]
[WhiteClock "0:00:21"]
[BlackClock "0:00:12"]

1. d4 Nf6 2. Bg5 d5 3. e3 e6 4. Nf3 Be7 5. Bd3 O-O 6. O-O c5 7. dxc5 Bxc5 8. Nbd2 Be7 9. c4 Nc6 10. cxd5 exd5 11. Rc1 Bg4 12. Nb3 Nb4 13. Bb1 Qd7 14. Ne5 Bxd1 15. Nxd7 Bxb3 16. axb3 Rfc8 17. Nxf6+ Bxf6 18. Bxf6 gxf6 19. Rfd1 a5 20. Rc3 Rc6 21. Kf1 Rac8 22. Rdc1 h6 23. Ke2 Kf8 24. Bf5 R8c7 25. Kd2 Ke7 26. Bd3 Nxd3 27. Kxd3 Kd6 28. Kd4 Re7 29. f3 Rb6 30. Ra1 Rb4+ 31. Kd3 Rb5 32. Kc2 d4 33. Rd1 Rd5 34. e4 Rg5 35. Rxd4+ Ke6 36. g3 f5 37. f4 Rh5 38. exf5+ Rxf5 39. Re3+ Kf6 40. Rd6+ Re6 41. Rexe6+ fxe6 42. Rd7 b6 43. Rb7 Rh5 44. h4 Rb5 45. Kc3 h5 46. Rh7 Kg6 47. Rc7 Kf5 48. Rg7 Ke4 49. Rg5 Rf5 50. Rxf5 exf5 51. Kc4 Kf3 52. Kb5 Kxg3 53. Kxb6 Kxh4 54. Kxa5 Kg3 55. b4 h4 56. b5 h3 57. b6 h2 58. b7 h1=Q 59. b8=Q Qa1+ 0-1


[Site "https://www.chess.com"]

[Event "Titled Tuesday Blitz February 07 Early 2023"]
[White "Beerdsen, Thomas"]
[Black "Bowden, Karl"]
[WhiteFideId "1030108"]
[BlackFideId "400548"]
[WhiteElo "2507"]
[BlackElo "2348"]
[Result "1-0"]
[Round "01"]
[TimeControl "180+2"]
[Date "2023.02.07"]
[WhiteClock "0:01:25"]
[BlackClock "0:00:35"]

1. e4 e5 2. Nf3 d5 3. exd5 e4 4. Qe2 Nf6 5. d3 Bb4+ 6. Nbd2 Bxd2+ 7. Nxd2 O-O 8. Nxe4 Nxd5 9. Bg5 f6 10. Bh4 Re8 11. O-O-O g5 12. c4 gxh4 13. cxd5 Re5 14. d4 Rxd5 15. Qf3 Rf5 16. Qe3 Be6 17. g4 Ra5 18. g5 fxg5 19. Rg1 h6 20. Nxg5 Rxg5 21. Qxe6+ Kg7 22. Bc4 Nc6 23. f4 Nxd4 24. Qe5+ Qf6 25. Qxf6+ Kxf6 26. fxg5+ 1-0


[Site "https://www.chess.com"]

[Event "Titled Tuesday Blitz February 07 Early 2023"]
[White "Ilinca Ilinca, Felix Antonio"]
[Black "Sattarov, Bobir"]
[WhiteFideId "54764998"]
[BlackFideId "14203081"]
[WhiteElo "2266"]
[BlackElo "2366"]
[Result "0-1"]
[Round "01"]
[TimeControl "180+2"]
[Date "2023.02.07"]
[WhiteClock "0:01:35"]
[BlackClock "0:02:03"]

1. c4 Nf6 2. Nc3 e6 3. e4 c5 4. e5 Ng8 5. Nf3 Nc6 6. d4 cxd4 7. Nxd4 Nxe5 8. Ndb5 d6 9. Ne4 Nf6 10. Nexd6+ Bxd6 11. Nxd6+ Ke7 12. Nxc8+ Rxc8 13. Qb3 Qc7 14. Be3 Rhd8 15. Rc1 Ne4 16. Bxa7 Qa5+ 0-1


[Site "https://www.chess.com"]

[Event "Titled Tuesday Blitz February 07 Early 2023"]
[White "Shipov, Sergei"]
[Black "Melaugh, Shane"]
[WhiteFideId "4113624"]
[BlackFideId "2509580"]
[WhiteElo "2541"]
[BlackElo "2115"]
[Result "1-0"]
[Round "01"]
[TimeControl "180+2"]
[Date "2023.02.07"]
[WhiteClock "0:01:31"]
[BlackClock "0:00:49"]

1. d4 e6 2. c4 f5 3. g3 Nf6 4. Bg2 Be7 5. Nf3 b6 6. Ne5 c6 7. Nc3 Bb7 8. O-O d6 9. Nd3 O-O 10. Nf4 Qc8 11. d5 e5 12. Ne6 Re8 13. Bg5 Nbd7 14. Rc1 Nf8 15. Nxf8 Rxf8 16. dxc6 Bxc6 17. Nd5 Bxd5 18. cxd5 Qa6 19. a3 Rac8 20. Rc6 h6 21. Bxf6 Rxf6 22. Qc2 Rff8 23. Bh3 g6 24. e4 Rxc6 25. dxc6 Qc8 26. c7 Qe6 27. Rc1 Qc8 28. exf5 gxf5 29. Bxf5 1-0


[Site "https://www.chess.com"]

[Event "Titled Tuesday Blitz February 07 Early 2023"]
[White "Mazurkiewicz, Michal"]
[Black "Zahid, Sanatan"]
[WhiteFideId "1124943"]
[BlackFideId "10201963"]
[WhiteElo "2145"]
[BlackElo "1930"]
[Result "0-1"]
[Round "01"]
[TimeControl "180+2"]
[Date "2023.02.07"]
[WhiteClock "0:00:01"]
[BlackClock "0:00:54"]

1. e4 e6 2. d3 d5 3. Nd2 Nf6 4. Ngf3 c5 5. g3 Nc6 6. Bg2 Be7 7. O-O O-O 8. e5 Nd7 9. Re1 b5 10. h4 b4 11. Nf1 Ba6 12. Bf4 Rc8 13. Ne3 Nd4 14. Nxd4 cxd4 15. Ng4 Qb6 16. h5 Rc7 17. Qd2 Rfc8 18. Rac1 b3 19. axb3 Bb4 20. Qe2 Bxe1 21. Rxe1 Rxc2 22. Qf3 Qxb3 23. Bf1 Nc5 24. Nh6+ Kf8 25. Nxf7 Kxf7 26. Bh6+ Ke7 27. Bxg7 Bxd3 28. Qf6+ Kd7 29. Bf8 Bxf1 30. Qe7+ Kc6 31. Rxf1 Qb7 32. Qd6+ Kb5 33. Ra1 a5 34. Bh6 Qc7 0-1


[Site "https://www.chess.com"]

[Event "Titled Tuesday Blitz February 07 Early 2023"]
[White "Morefield, Jason"]
[Black "Dinu, Dumitru-Daniel"]
[WhiteFideId "30920825"]
[BlackFideId "1208403"]
[WhiteElo "2167"]
[BlackElo "2203"]
[Result "1-0"]
[Round "01"]
[TimeControl "180+2"]
[Date "2023.02.07"]
[WhiteClock "0:00:03"]
[BlackClock "0:00:03"]

1. e4 c6 2. Nf3 d5 3. Nc3 dxe4 4. Nxe4 Nf6 5. Nxf6+ exf6 6. Bc4 Bd6 7. Qe2+ Be7 8. O-O O-O 9. Re1 Re8 10. d4 Bg4 11. h3 Bh5 12. Bf4 Nd7 13. g4 Bg6 14. Nh4 Nb6 15. Nxg6 hxg6 16. Rad1 Bd6 17. Be3 Bc7 18. Bb3 Qd6 19. Qf3 Re7 20. c4 Rae8 21. c5 Qh2+ 22. Kf1 Nd5 23. Bxd5 cxd5 24. Qxd5 Qxh3+ 25. Qg2 Qh4 26. d5 Re4 27. d6 Rxg4 28. Qf3 Ba5 29. d7 Rd8 30. Bd2 Bxd2 31. Re8+ Kh7 32. Rxd8 Rf4 33. Rh8+ Kxh8 34. d8=Q+ Kh7 35. Qg2 Be3 36. f3 Qh5 37. Qd5 Rf5 38. Qe4 Re5 39. Qeg4 Qh6 40. Re1 Rh5 41. f4 Bxf4 42. Q4f3 Rh2 43. Qgg4 Rh1+ 44. Ke2 Rh2+ 45. Kd3 Rd2+ 46. Kc4 Rc2+ 47. Kb3 Rxc5 48. Qfxf4 g5 49. Qff5+ g6 50. Qxc5 1-0


[Site "https://www.chess.com"]

[Event "Titled Tuesday Blitz February 07 Early 2023"]
[White "Devaev, Alexander"]
[Black "Harshavardhan G B"]
[WhiteFideId "4169395"]
[BlackFideId "25059009"]
[WhiteElo "2325"]
[BlackElo "2408"]
[Result "1-0"]
[Round "01"]
[TimeControl "180+2"]
[Date "2023.02.07"]
[WhiteClock "0:00:12"]
[BlackClock "0:00:07"]

1. d4 Nf6 2. c4 g6 3. Nc3 Bg7 4. e4 d6 5. Nf3 O-O 6. h3 e5 7. d5 Nh5 8. Nh2 Na6 9. g3 Qe8 10. Be2 Nf6 11. Ng4 Nd7 12. Nh6+ Kh8 13. h4 Ndc5 14. h5 f5 15. hxg6 Qxg6 16. exf5 Bxf5 17. Nxf5 Qxf5 18. Be3 Nb4 19. Rh5 Qg6 20. Rg5 Qf7 21. Rg4 e4 22. Nxe4 Nxe4 23. Rxe4 Qf5 24. Qb1 Kg8 25. Bg4 Qg6 26. Be6+ Kh8 27. Rh4 Nc2+ 28. Kd2 Bf6 29. Qxc2 Qxc2+ 30. Kxc2 Bxh4 31. gxh4 Kg7 32. h5 Kf6 33. f4 c5 34. Rg1 Rae8 35. h6 Ke7 36. Rg7+ Kf6 37. Rxb7 Kg6 38. f5+ Rxf5 39. Bxf5+ Kxf5 40. Bd2 Kg6 41. Rg7+ Kf6 42. Rxh7 Re4 43. b3 Kg6 44. Rxa7 Rg4 45. h7 Rh4 46. Bc3 Rh2+ 47. Kd1 Rh1+ 48. Ke2 Rh2+ 49. Kf1 Rh3 50. h8=Q Rxh8 51. Bxh8 1-0


[Site "https://www.chess.com"]